 Dungeon Crawl Stone Soup version 0.16-a0-1301-gf74d490 (webtiles) character file.

615 Ololoev the Cudgeler (level 7, -14/54 (55) HPs)
             Began as a Ghoul Gladiator on Oct 15, 2014.
             Demolished by an ogre
             ... wielding a +0 giant club
              (19 damage)
             ... on level 4 of the Dungeon.
             The game lasted 00:13:30 (3769 turns).

Ololoev the Cudgeler (Ghoul Gladiator)              Turns: 3769, Time: 00:13:30

HP:   -14/54 (55)   AC:  6    Str: 19    XL:     7   Next: 45%
MP:   5/5           EV: 11    Int:  4    God:
Gold: 158           SH:  0    Dex: 10    Spells: 0 memorised, 6 levels left

rFire  . . .     SeeInvis .     a - +0 flail (curse)
rCold  + . .     Clarity  .     b - +0 leather armour
rNeg   + + +     SustAb   .     (no shield)
rPois  +         Saprov   + + + c - +0 helmet (curse)
rElec  .         Spirit   .     (no cloak)
rCorr  .         Warding  .     f - +1 pair of gloves (curse)
rMut   .         Stasis   .     (no boots)
MR     .....                    (no amulet)
Stlth  +.........               (no ring)
                                (no ring)

@: rotting, not resistant to hostile enchantments, very unstealthy
A: rotting body, claws 1, carnivore 3, cold resistance 1, negative energy
resistance 3, poison resistance, saprovore 3, slow healing 1, torment
resistance, unbreathing
a: no special abilities


You were on level 4 of the Dungeon.
You were not hungry.

You visited 1 branch of the dungeon, and saw 4 of its levels.
You also visited: Ossuary.

You collected 158 gold pieces.

Inventory:

Hand weapons
 a - a cursed +0 flail (weapon)
Armour
 b - a +0 leather armour (worn)
 c - a cursed +0 helmet (worn)
 f - a cursed +1 pair of gloves (worn)
Magical devices
 w - a wand of draining (10)
Scrolls
 e - a scroll of enchant armour {unknown}
 j - 6 scrolls of remove curse {unknown}
 m - a scroll of fog {unknown}
 n - 4 scrolls of identify {unknown}
 o - a scroll of teleportation {unknown}
 q - a scroll of immolation {unknown}
 s - a scroll of magic mapping {unknown}
 y - 4 scrolls of recharging {unknown}
 z - a scroll of random uselessness {unknown}
Potions
 g - 2 potions of heal wounds
 h - 4 potions of might {unknown}
 i - a potion of cure mutation {unknown}
 p - a potion of flight {unknown}
 t - a potion of resistance {unknown}
 u - a potion of berserk rage {unknown}
 v - a potion of poison {unknown}
 x - a potion of agility {unknown}
 A - a potion of mutation {unknown}
 B - a potion of cancellation {unknown}
 E - a potion of brilliance {unknown}
Comestibles
 k - 2 slices of pizza
 l - 2 meat rations
 r - a beef jerky


   Skills:
 - Level 2.1 Fighting
 + Level 7.7 Maces & Flails
 - Level 1.7 Throwing
 - Level 2.6 Dodging


You had 6 spell levels left.
You didn't know any spells.

Dungeon Overview and Level Annotations

Branches:
Dungeon (4/15)
 Temple: D:4-7

Altars:
Dithmenos
Ru


Innate Abilities, Weirdness & Mutations

Your body is rotting away.
You have sharp fingernails.
You are carnivorous and can eat meat at any time.
Your flesh is cold resistant.
You are immune to negative energy.
Your system is resistant to poisons.
You thrive on rotten meat.
You heal slowly when monsters are visible.
You are immune to unholy pain and torment.
You can survive without breathing.


Message History

Throwing (i - inventory):
d - a throwing net (quivered)
Press: ? - help, Shift-Dir - straight line, f/p - ogre
Aim: an ogre, wielding a giant club (severely wounded)
You throw a throwing net. The throwing net hits the ogre.
The ogre is caught in the net!
The ogre is severely wounded.
You hit the ogre but do no damage.
The ogre is severely wounded.
The ogre struggles against the net. x2
You hit the ogre.
The ogre is almost dead.
The ogre struggles against the net.
You hit the ogre but do no damage.
The ogre is almost dead.
The ogre struggles against the net.
The net rips apart, and the ogre comes free!
You barely miss the ogre.
The ogre is almost dead.
The ogre hits you with a giant club!!
You die...

#......###...........#
...##................#
...###...............## #..
..##
##.............).#####...?..
.## #.................<...#
.## ##.....###............#
..# #......##.............#
#.## #........%.....##.....#
#..#####...(...O@......###...#
##.....................##
#...#
#........###............## #..
.........# ####.......[..# #
.........# #..........####
.........# ##..............
.........# #...............
.........# ##...###..........
.........# ##..### ##.........


You could see an ogre.

Vanquished Creatures
  An ogre (D:4)
  A giant frog (D:4)
  2 scorpions
  A human zombie (D:4)
  A hound (D:4)
  2 worker ants (D:4)
  2 big kobold zombies (Ossuary)
  3 mummies (Ossuary)
  4 adders
  5 gnolls
  A worm (D:4)
  A giant mite (D:1)
  2 adder zombies (Ossuary)
  An ooze (D:2)
  2 orcs (D:3)
  7 bats
  4 giant cockroaches
  7 hobgoblins
  7 jackals
  7 kobolds
  A giant gecko skeleton (D:4)
  2 giant newts
  A gnoll zombie (Ossuary)
  6 goblins
  2 goblin zombies (Ossuary)
  3 hobgoblin zombies (Ossuary)
  6 kobold zombies (Ossuary)
  2 quokka zombies (Ossuary)
  10 rats
94 creatures vanquished.

Notes
Turn   | Place    | Note
--------------------------------------------------------------
     0 | D:1      | Ololoev, the Ghoul Gladiator, began the quest for the Orb.
     0 | D:1      | Reached XP level 1. HP: 17/17 MP: 1/1
    35 | D:1      | Reached skill level 3 in Maces & Flails
    61 | D:1      | Reached XP level 2. HP: 21/24 MP: 2/2
   177 | D:1      | Reached XP level 3. HP: 26/28 MP: 3/3
   580 | D:1      | Reached skill level 4 in Maces & Flails
   990 | D:2      | Reached XP level 4. HP: 28/35 MP: 3/3
  1380 | D:2      | Found a sacrificial altar of Ru.
  1754 | D:2      | Reached skill level 5 in Maces & Flails
  1772 | D:2      | Reached XP level 5. HP: 34/41 MP: 4/4
  1960 | D:3      | Found a shadowy altar of Dithmenos.
  2500 | D:4      | Reached XP level 6. HP: 34/47 MP: 5/5
  2552 | D:4      | Noticed an ogre
  2561 | D:4      | Killed an ogre
  2561 | D:4      | Reached skill level 6 in Maces & Flails
  2812 | D:4      | Found a sand-covered staircase.
  2825 | D:4      | Reached skill level 7 in Maces & Flails
  2825 | D:4      | Reached XP level 7. HP: 36/55 MP: 5/5
  2837 | Ossuary  | Entered an ossuary
  3769 | D:4      | Demolished by an ogre

Action                   |  1- 3 |  4- 6 |  7- 9 || total
-------------------------+-------+-------+-------++-------
Melee: Flail             |    89 |   176 |   115 ||   380
Throw: Throwing net      |       |     1 |     2 ||     3
  Use: Potion            |       |       |     1 ||     1
  Eat: Chunk             |     7 |    18 |     2 ||    27
